 Dungeon Crawl Stone Soup version 0.31.0-9-g3a7656b989 (webtiles) character file.

Game seed: 3658272771483955865

60 qw the Shooter (level 3, -2/20 HPs)
             Began as a Deep Elf Hunter on Feb 2, 2024.
             Slain by a ribbon worm (4 damage)
             ... on level 2 of the Dungeon.
             The game lasted 00:00:05 (1295 turns).

qw the Shooter (Deep Elf Hunter)                    Turns: 1295, Time: 00:00:05

Health: -2/20      AC:  5    Str: 10    XL:     3   Next: 80%
Magic:  5/5        EV: 11    Int: 13    God:
Gold:   52         SH:  0    Dex: 18    Spells: 2/2 levels left

rFire   . . .        a - +0 shortbow
rCold   . . .        (shield currently unavailable)
rNeg    . . .        i - +0 ring mail
rPois   .            (no helmet)
rElec   .            (no cloak)
rCorr   .            (no gloves)
SInv    .            (no boots)
Will    .....        (no amulet)
Stlth   +            (no ring)
HPRegen 0.23/turn    (no ring)
MPRegen 0.09/turn

%: no passive effects
@: no status effects
A: no striking features
a: no special abilities


You were on level 2 of the Dungeon.
You visited 1 branch of the dungeon, and saw 2 of its levels.

You collected 52 gold pieces.


   Skills:
 - Level 1.5 Fighting
 + Level 7.3 Ranged Weapons
 - Level 2.4 Dodging
 - Level 1.2 Stealth


You had 2 spell levels left.
You didn't know any spells.
Your spell library was empty.

Inventory:

Hand Weapons
 a - a +0 shortbow (weapon)
Armour
 i - a +0 ring mail (worn)
Jewellery
 c - a +6 ring of strength
Scrolls
 b - a scroll of identify
 d - a scroll of fog {unknown}
Potions
 e - a potion of degeneration {unknown}
 f - a potion of might
 h - a potion of haste {unknown}

Dungeon Overview and Level Annotations

Branches:
Dungeon (2/15)

Altars:


Message History

You shoot an arrow.
The arrow barely misses the ribbon worm.
You shoot an arrow.
The arrow hits the ribbon worm but does no damage.
The ribbon worm is lightly wounded.
The ribbon worm expels a string of sticky webbing.
The stream of webbing hits you but does no damage.
You are caught in a web!
The web tears apart.
The ribbon worm bites you.
You shoot an arrow. The arrow hits the ribbon worm.
The ribbon worm is moderately wounded.
The ribbon worm closely misses you.
You shoot an arrow. The arrow hits the ribbon worm.
The ribbon worm is moderately wounded.
The ribbon worm barely misses you.
You shoot an arrow.
The arrow hits the ribbon worm but does no damage.
The ribbon worm is moderately wounded.
The ribbon worm bites you.
You shoot an arrow. The arrow hits the ribbon worm!
The ribbon worm is severely wounded.
The ribbon worm barely misses you.
You shoot an arrow. The arrow hits the ribbon worm.
The ribbon worm is almost dead.
The ribbon worm expels a string of sticky webbing.
The stream of webbing hits you but does no damage.
You are caught in a web!
You struggle to detach yourself from the web.
The ribbon worm barely misses you.
You struggle to detach yourself from the web.
The ribbon worm bites you.
The web tears apart.
You shoot an arrow. The arrow hits the ribbon worm.
The ribbon worm is severely wounded.
The ribbon worm barely misses you.
You shoot an arrow. The arrow hits the ribbon worm.
The ribbon worm is almost dead.
The ribbon worm bites you.
You die...

#...........)..#####
#..##.............#####
#.##.##.#........>...###
#.##.##..#.####.(.......
#.####.......###......###.###
......).......#..###.........
#.####:##.##.#.#.####.###.###
#.####.#.....# #<.........#
#............# #@########.#
######.#.>.......w......
#.##.#.############ #.##.#.#
#.##.#.# #......# ####.###
#.# #.#


You could see a ribbon worm.

Vanquished Creatures
  A dart slug (D:1)
  2 ribbon worms (D:2)
  3 orcs (D:2)
  A bat (D:1)
  4 endoplasms (D:1)
  4 giant cockroaches
  4 goblins
  6 hobgoblins
  4 jackals (D:2)
  3 ball pythons
  A frilled lizard (D:2)
  7 kobolds
  6 rats
46 creatures vanquished.

Notes
Turn   | Place    | Note
-------+----------+-------------------------------------------
     0 | D:1      | qw the Deep Elf Hunter began the quest for the Orb.
     0 | D:1      | Reached XP level 1. HP: 12/12 MP: 3/3
     0 | D:1      | 0 ||| qw: Version: 0.3-a-155-g5e7d8dd
     0 | D:1      | 0 ||| qw: Game counter: 2169
     0 | D:1      | 0 ||| qw: Melee chars always use a shield: true
     0 | D:1      | 0 ||| qw: God list: Okawaru
     0 | D:1      | 0 ||| qw: Allow faded altars: false
     0 | D:1      | 0 ||| qw: Do Orc after clearing Dungeon:15 true
     0 | D:1      | 0 ||| qw: Do second Lair branch before Depths: true
     0 | D:1      | 0 ||| qw: Lair rune preference: random
     0 | D:1      | 0 ||| qw: Goals: Normal
     0 | D:1      | 0 ||| PLANNING D:1-11
   147 | D:1      | Reached XP level 2. HP: 16/16 MP: 4/4
   150 | D:1      | Reached skill level 6 in Ranged Weapons
   606 | D:1      | Found a faded altar of an unknown god.
   774 | D:1      | 774 ||| UPGRADING to +0 ring mail.
   784 | D:1      | 784 ||| DROPPING +0 leather armour.
   785 | D:1      | 785 ||| READING scroll labelled YLURIK NAPNOCW.
   785 | D:1      | 785 ||| IDENTIFYING white potion
   786 | D:1      | 786 ||| READING scroll labelled JOYDAN FIONK.
   787 | D:1      | 787 ||| READING scroll labelled GARPHA DO LOROGG.
   791 | D:1      | 791 ||| DROPPING scroll of butterflies.
   889 | D:2      | Reached XP level 3. HP: 20/20 MP: 5/5
  1066 | D:2      | Reached skill level 7 in Ranged Weapons
  1288 | D:2      | HP: 3/20 [ribbon worm (4)]
  1292 | D:2      | HP: 1/20 [ribbon worm (3)]
  1295 | D:2      | Slain by a ribbon worm

Levels and vault maps discovered:
D:1:      amcnicky_arrival_flooded_fountain, layout_loops_cross,
          dilly_ecumenical_altar_fadedgnrine, st_stairs_9
D:2:      layout_loops_ring, guppyfry_early_orc_mine

Skill      XL: |  1  2  3 |
---------------+----------+-----
Ranged Weapons | 6 7 |  7.3
Fighting       | |  1.5
Dodging        | |  2.4
Stealth        | |  1.2

Action                     || total
---------------------------++-------
   Fire: Shortbow          ||   136
    Use: Scroll            ||     3
 Armour: Ring mail         ||    28
         Leather armour    ||     5
  Dodge: Dodged            ||    39

Table legend:
 A = Non-vault XP
 B = Vault XP
 C = Vault XP percentage of total XP
 D = Non-vault monster count
 E = Vault monster count
 F = Vault count percentage of total count
                 A         B        C        D         E       F
            +---------+---------+-------+---------+---------+-------
      Total |      66 |      20 |  23.3 |      37 |       9 |  19.6
            +---------+---------+-------+---------+---------+-------
        D:1 |      34 |       3 |   8.1 |      21 |       2 |   8.7
        D:2 |      32 |      17 |  34.7 |      16 |       7 |  30.4
            +---------+---------+-------+---------+---------+-------
